 Dungeon Crawl Stone Soup version 0.29.0-13-gc9e81de378 (webtiles) character file.

Game seed: 18432872261423212783

50 SensoryNuts the Trooper (level 3, -4/28 (29) HPs)
             Began as a Demonspawn Fighter on Sept 7, 2022.
             Slain by Crazy Yiuf
             ... wielding a +3 quarterstaff of chaos
              (8 damage)
             ... on level 2 of the Dungeon.
             The game lasted 00:01:51 (1577 turns).

SensoryNuts the Trooper (Demonspawn Fighter)        Turns: 1577, Time: 00:01:53

HP:   -4/28 (29)    AC: 14    Str: 16    XL:     3   Next: 55%
MP:   3/3           EV:  4    Int:  9    God:
Gold: 95            SH:  5    Dex: 14    Spells: 2/2 levels left

rFire   . . .      SeeInvis +   a - +0 long sword
rCold   . . .      Faith    .   c - +0 buckler
rNeg    . . .      Spirit   .   g - +0 plate armour
rPois   .          Reflect  .   (no helmet)
rElec   .          Harm     .   (no cloak)
rCorr   .          Rampage  .   (no gloves)
Will    .....                   i - +2 pair of boots
Stlth   ..........              (no amulet)
HPRegen 0.09/turn               h - ring of see invisible
MPRegen 0.08/turn               (no ring)

@: mighty, lightly drained
A: demonic magic 1
a: no special abilities


You were on level 2 of the Dungeon.
You visited 1 branch of the dungeon, and saw 2 of its levels.

You collected 95 gold pieces.

Inventory:

Hand Weapons
 a - a +0 long sword (weapon)
Armour
 c - a +0 buckler (worn)
 g - a +0 plate armour (worn)
 i - a +2 pair of boots (worn)
Jewellery
 h - a ring of see invisible (left hand)
 r - a ring of resist corrosion
Scrolls
 b - 2 scrolls of enchant weapon {unknown}
 e - 3 scrolls of identify {unknown}
 j - a scroll of magic mapping {unknown}
 n - 2 scrolls of immolation {unknown}
 o - a scroll of teleportation {unknown}
 p - a scroll of acquirement {unknown}
 q - a scroll of enchant armour {unknown}
Potions
 f - 2 potions of heal wounds {unknown}
 k - a potion of resistance {unknown}
 l - a potion of lignification {unknown}
 m - a potion of ambrosia {unknown}
 s - a potion of haste {unknown}


   Skills:
 + Level 3.5 Fighting
 * Level 2.4 Long Blades
 + Level 3.1 Armour
 + Level 0.2 Dodging
 + Level 2.9 Shields


You had 2 spell levels left.
You didn't know any spells.
Your spell library contained the following spells:

 Spells                   Type           Power      Damage    Failure   Level
 Ozocubu's Armour         Ice            0%         N/A       100%        3
 Metabolic Englaciation   Hex/Ice        0%         N/A       100%        5
 Simulacrum               Ice/Necr       0%         N/A       100%        6


Dungeon Overview and Level Annotations

Branches:
Dungeon (2/15)

Altars:

Annotations:
D:2 Crazy Yiuf


Innate Abilities, Weirdness & Mutations

Spells you cast may paralyse adjacent enemies.


Message History

Partly explored, can't reach some places.
Partly explored, can't reach some places.
No target in view!
You slash the fungus!
The fungus begins to die.
The fungus is lightly damaged.
You hit the fungus.
The fungus begins to die.
The fungus is lightly damaged.
You slash the fungus!
The fungus is lightly damaged.
A nearby fungus withers and dies.
You slash the fungus!
The fungus is lightly damaged.
A nearby fungus withers and dies.
Found a runed translucent door.
Crazy Yiuf shouts!
Could not explore, unopened runed door.
Could not explore, unopened runed door.
No reachable target in view!
You feel very mighty all of a sudden.
Crazy Yiuf twirls on the spot.
As you open the door, it creaks loudly!
Crazy Yiuf glowers.
You barely miss Crazy Yiuf. Crazy Yiuf hits you but does no damage.
You are electrocuted!
Ouch! That really hurt!
You block Crazy Yiuf's attack.
You slash Crazy Yiuf!
Crazy Yiuf is heavily wounded.
Crazy Yiuf barely misses you.
You slash Crazy Yiuf!
Crazy Yiuf is almost dead.
Crazy Yiuf hits you with a +3 quarterstaff of chaos.
You feel drained.
You hit Crazy Yiuf.
Crazy Yiuf is almost dead.
Crazy Yiuf hits you with a +3 quarterstaff of chaos!
* * * LOW HITPOINT WARNING * * *
Crazy Yiuf whimpers, "East bush ragdoll!"
Crazy Yiuf hits you with a +3 quarterstaff of chaos!
You die...

#........#
##########
## .#
##### .#
#..)# .#
#...# .#
... )# #g#
.# ##@#
#######
#.##
......#
##.#
......#
#.##
......#
##.##
#.)...#
#.#P##
#.....#
#..PP#
#.....#
#....#
#...###
#####..###


You could see Crazy Yiuf.

Vanquished Creatures
  An adder (D:2)
  A worm (D:2)
  3 ball pythons
  5 bats
  3 endoplasms
  6 goblins
  7 hobgoblins
  4 kobolds
  2 quokkas
  3 rats
35 creatures vanquished.

Vanquished Creatures (others)
  2 fungi (D:2)
  A plant (D:1)
3 creatures vanquished.

Grand Total: 38 creatures vanquished

Notes
Turn   | Place    | Note
-------+----------+-------------------------------------------
     0 | D:1      | SensoryNuts the Demonspawn Fighter began the quest for the
                  | Orb.
     0 | D:1      | Reached XP level 1. HP: 18/18 MP: 1/1
   391 | D:1      | Gained mutation: Spells you cast may paralyse adjacent
                  | enemies. [demonic ancestry]
   391 | D:1      | Reached XP level 2. HP: 23/24 MP: 2/2
  1053 | D:2      | Reached XP level 3. HP: 26/29 MP: 3/3
  1568 | D:2      | Found a runed translucent door.
  1569 | D:2      | Noticed Crazy Yiuf
  1577 | D:2      | Slain by Crazy Yiuf

Illustrated notes

Levels and vault maps discovered:
D:1:      tarquinn_simple_flora_water_a, layout_rooms, serial_bayou,
          serial_bayou_ford_a, serial_bayou_shore_a, serial_bayou_lagoon_b,
          serial_bayou_shore_b
D:2:      layout_basic, uniq_crazy_yiuf_cottage

Skill      XL: |  1  2 |
---------------+-------+-----
Long Blades    | 2 |  2.4
Armour         | 3 |  3.1
Fighting       | |  3.5
Dodging        | |  0.2
Shields        | |  2.9

Action                   || total
-------------------------++-------
Melee: Long sword        ||   144
  Use: Potion            ||     1
Armor: Scale mail        ||    21
       Plate armour      ||    79
Dodge: Dodged            ||    49
Block: Buckler           ||    43
